 Dungeon Crawl Stone Soup version 0.23.2 (webtiles) character file.

Game seed: 2844132353659368815

35676 Peloso the Fencer (level 13, -1/105 HPs)
             Began as a Minotaur Fighter on Apr 13, 2019.
             Was the Champion of Okawaru.
             Shot with an arrow by a centaur warrior (16 damage)
             ... on level 13 of the Dungeon.
             The game lasted 00:48:12 (14333 turns).

Peloso the Fencer (Minotaur Fighter)               Turns: 14333, Time: 00:48:12

Health: -1/105     AC: 19    Str: 20 (21) XL:     13   Next: 48%
Magic:  12/12      EV:  8    Int:  5      God:    Okawaru [******]
Gold:   619        SH: 13    Dex: 11 (12) Spells: 12/12 levels left

rFire    + + .     SeeInvis .   a - +2 double sword (distort)
rCold    x . .     Gourm    +   c - +0 shield
rNeg     . . .     Faith    .   K - +2 plate armour {rF+}
rPois    +         Spirit   .   (helmet restricted)
rElec    +         Reflect  .   N - scarf {cloud immunity}
rCorr    .         Harm     .   o - +3 pair of gloves of Itaa {+Blink rElec rPois Str-3}
MR       .....                  (no boots)
Stlth    ..........             h - amulet of the gourmand
HPRegen  0.27/turn              t - -3 ring of protection (curse)
MPRegen  0.13/turn              z - ring of fire

@: no status effects
A: retaliatory headbutt, hooves 1, horns 2, deterioration 2, frail 1
a: Heroism, Finesse, Renounce Religion, Evoke Blink


You were on level 13 of the Dungeon.
You worshipped Okawaru.
Okawaru was exalted by your worship.
You were completely stuffed.

You visited 2 branches of the dungeon, and saw 15 of its levels.
You visited the Abyss 1 time.
You also visited: Ossuary and Bailey.

You collected 907 gold pieces.
You spent 288 gold pieces at shops.

Inventory:

Hand Weapons
 a - a +2 double sword of distortion (weapon)
 M - a +4 scimitar of freezing
Armour
 b - a +0 scale mail
 c - a +0 shield (worn)
 n - a +0 chain mail
 o - the +3 pair of gloves of Itaa (worn) {+Blink rElec rPois Str-3}
   (You found it on level 8 of the Dungeon)

   It affects your strength (-3).
   It insulates you from electricity.
   It protects you from poison.
   It lets you blink.
 K - a +2 plate armour of fire resistance (worn)
 N - a scarf of cloud immunity (worn)
 P - the +3 scale mail of Creativity {rF+, unknown}
   (Okawaru gifted it to you on level 2 of the Abyss)

   It protects you from fire.
Jewellery
 h - an amulet of the gourmand (around neck)
 p - a +2 ring of evasion
 t - a cursed -3 ring of protection (left hand)
 z - a ring of fire (right hand)
Wands
 d - a wand of flame (14)
 g - a wand of iceblast (27)
 y - a wand of enslavement (6)
 G - a wand of acid (10)
 H - a wand of digging (6)
 O - a wand of paralysis (8)
Scrolls
 e - 10 scrolls of remove curse
 i - 5 scrolls of identify
 j - 4 scrolls of fog
 l - 7 scrolls of teleportation
 s - a scroll of blinking
 u - a scroll of acquirement
 v - 3 scrolls of amnesia
 x - 3 scrolls of magic mapping
 A - 2 scrolls of enchant weapon
 B - 4 scrolls of fear
 F - 3 scrolls of enchant armour
Potions
 k - 4 potions of flight
 m - 7 potions of curing
 q - 5 potions of magic
 r - 2 potions of haste
 C - 2 potions of lignification
 D - a potion of cancellation
 E - a potion of agility
 I - 2 potions of brilliance
 J - a potion of experience
 L - a potion of berserk rage {unknown}
Comestibles
 f - 34 rations
 w - 3 chunks of flesh


   Skills:
 + Level 11.9 Fighting
 + Level 16.0 Long Blades
 + Level 12.6 Armour
 + Level 4.2 Dodging
 + Level 1.3 Stealth
 + Level 13.7 Shields
 + Level 1.1 Invocations
 + Level 0.4 Evocations


You had 12 spell levels left.
You didn't know any spells.
Your spell library contained the following spells:

 Spells                   Type           Power        Failure   Level  Hunger
 Confusing Touch          Hex            #.....       100%        1    ##.....
 Confuse                  Hex            #.......     100%        3    ####...
 Gell's Gravitas          Tloc           #.........   100%        3    ####...
 Petrify                  Tmut/Erth      #.......     100%        4    #####..
 Metabolic Englaciation   Hex/Ice        #.........   100%        5    ######.
 Yara's Violent Unravell  Hex/Tmut       #.........   100%        5    ######.


Dungeon Overview and Level Annotations

Branches:
Dungeon (14/15)            Temple (1/1) D:4            Lair (0/6) D:8
    Orc (0/2) D:9          Vaults (0/5) D:14

Altars:
Ashenzari
Cheibriados
Dithmenos
Elyvilon
Fedhas
Gozag
Hepliaklqana
Kikubaaqudgha
Makhleb
Nemelex Xobeh
Okawaru
Qazlal
Ru
Sif Muna
Trog
Uskayaw
Vehumet
Wu Jian
Xom
Yredelemnul
Zin
The Shining One
Beogh

Shops:
D:7 !   D:10 *   D:11 ?

Annotations:
D:7 2 runed translucent doors, Thargor's ghost, novice DEWz
D:11 2 transporters, syranez's ghost, journeyman DEEE
D:14 exclusion: orange crystal statue, Louise; Roxanne


Innate Abilities, Weirdness & Mutations

You reflexively headbutt those who attack you in melee.
You have a pair of horns on your head.
You have large cloven feet.
Your body often deteriorates upon taking damage.
You are frail. (-10% HP)


Message History

The centaur warrior unwields a +0 longbow.
The centaur warrior hits you but does no damage.
You slice the centaur warrior!!
The centaur warrior is moderately wounded.
The centaur warrior blinks!
The centaur warrior wields a +0 longbow.
The centaur warrior shoots an arrow.
The arrow barely misses you.
The centaur warrior shoots an arrow.
The arrow hits you but does no damage.
You see here an arrow.
The centaur warrior shoots an arrow.
You block the arrow.
You hear a bark!
You see here an arrow.
A hound comes into view.
The hound barks!
The centaur warrior shoots an arrow.
The arrow hits you!!
* * * LOW HITPOINT WARNING * * *
Your body deteriorates!
You feel weakened.
You see here 2 arrows.
The centaur warrior shoots an arrow.
The arrow hits you!
You die...

#...... #.....#
#?....# #.....#
#..h..#
#....[####+###
#....c(.......
#.............
.#####...@.......##
........(........#
.......((........#
###############..#
..# .#


You could see a centaur warrior and a hound.

Vanquished Creatures
  Kirke (D:14)
  An orc warlord (Bailey)
  6 vault guards (D:14)
  Harold (D:7)
  2 two-headed ogres
  A tengu warrior (D:14)
  Nergalle (D:10)
  3 skeletal warriors (D:14)
  An orc knight (Bailey)
  A manticore (D:14)
  A shining eye (Abyss:2)
  Pikel (D:4)
  An ugly thing (D:11)
  2 worldbinders (Abyss:2)
  Joseph (D:7)
  Psyche (D:9)
  A smoke demon (Abyss:2)
  An orange demon (Abyss:2)
  A kobold demonologist (D:11)
  An ancient zyme (Abyss:2)
  A queen bee (D:11)
  A troll (D:12)
  Grinder (D:4)
  A raiju (Abyss:2)
  3 hippogriffs
  A flying skull (Abyss:2)
  Eustachio (D:4)
  A spriggan (D:7)
  2 wraiths
  22 yaks
  A wyvern (D:14)
  A ynoxinul (Abyss:2)
  A neqoxec (Abyss:2)
  2 vampire mosquitoes (D:14)
  A chaos spawn (Abyss:2)
  Menkaure (Ossuary)
  2 large abominations (Abyss:2)
  2 soldier ants
  27 orc warriors
  A porcupine (D:8)
  4 ice beasts
  A slave (D:4)
  3 sky beasts
  2 black bears (D:8)
  A hornet zombie (D:14)
  6 necrophages
  3 phantoms
  5 ogres
  5 centaurs
  A crocodile (D:8)
  2 small abominations (Abyss:2)
  4 bullfrogs
  A wyvern zombie (D:6)
  A scorpion (D:4)
  A water moccasin skeleton (D:7)
  34 killer bees
  A troll zombie (Ossuary)
  4 howler monkeys
  18 wights
  4 jellies
  5 crimson imps
  2 centaur zombies (Ossuary)
  11 orc priests
  4 hounds
  An iron imp (Abyss:2)
  14 orc wizards
  2 bullfrog skeletons
  3 centaur skeletons
  An iguana (D:5)
  Terence (D:2)
  9 worker ants
  2 ogre zombies (Ossuary)
  2 hound zombies
  2 hound skeletons
  6 mummies (Ossuary)
  A worker ant zombie (D:6)
  19 gnolls
  7 adders
  4 shadow imps
  An ufetubus (Abyss:2)
  An ooze (D:3)
  4 adder zombies
  An adder skeleton (D:10)
  2 worms
  4 dart slugs
  6 leopard geckos
  78 orcs
  3 bats
  A giant cockroach (D:2)
  A gnoll zombie (Ossuary)
  20 goblins
  17 hobgoblins
  21 jackals
  9 kobolds
  A quokka (D:6)
  A ball python (D:5)
  2 frilled lizards (D:1)
  2 goblin zombies (Ossuary)
  5 hobgoblin zombies (Ossuary)
  7 kobold zombies (Ossuary)
  A quokka skeleton (D:8)
  3 quokka zombies (Ossuary)
  6 rats
  5 rat zombies (Ossuary)
  A spectral orc (D:3)
  A fungus (D:8)
503 creatures vanquished.

Vanquished Creatures (others)
  A centaur warrior (D:14)
  A tengu warrior (D:14)
  A storm dragon zombie (Abyss:2)
  A guardian serpent (Abyss:2)
  A gargoyle (D:14)
  4 humans (D:14)
  A centaur (D:14)
  Blork the orc (D:6)
  A bullfrog (D:14)
  An orc (D:4)
  A giant cockroach (D:4)
  A hobgoblin (D:2)
  2 fungi (D:8)
17 creatures vanquished.

Grand Total: 520 creatures vanquished

Notes
Turn   | Place    | Note
-------+----------+-------------------------------------------
     0 | D:1      | Peloso the Minotaur Fighter began the quest for the Orb.
     0 | D:1      | Reached XP level 1. HP: 19/19 MP: 0/0
   136 | D:1      | Reached XP level 2. HP: 26/27 MP: 1/1
   779 | D:2      | Reached XP level 3. HP: 31/33 MP: 2/2
   968 | D:2      | Reached skill level 3 in Long Blades
  1039 | D:2      | Found a hazy altar of Hepliaklqana.
  1040 | D:2      | Found a deep blue altar of Sif Muna.
  1288 | D:2      | Noticed Terence
  1295 | D:2      | Killed Terence
  1295 | D:2      | Reached XP level 4. HP: 41/41 MP: 3/3
  1567 | D:3      | Noticed an ogre
  1578 | D:2      | Killed an ogre
  1578 | D:2      | Reached skill level 4 in Long Blades
  1578 | D:2      | Reached XP level 5. HP: 47/47 MP: 4/4
  1656 | D:3      | Found a sacrificial altar of Ru.
  1730 | D:3      | Noticed an ogre
  2016 | D:2      | Killed an ogre
  2016 | D:2      | Reached skill level 5 in Armour
  2016 | D:2      | Reached XP level 6. HP: 48/55 MP: 5/5
  2359 | D:2      | Reached skill level 5 in Long Blades
  2378 | D:3      | Reached skill level 1 in Dodging
  2561 | D:3      | You fall through a shaft for 3 floors!
  2684 | D:6      | Noticed Blork the orc
  2697 | D:6      | Reached skill level 5 in Shields
  2702 | D:6      | Reached skill level 5 in Fighting
  2712 | D:6      | Killed Blork the orc
  2712 | D:6      | Reached XP level 7. HP: 29/61 MP: 6/6
  2712 | D:6      | Reached skill level 6 in Long Blades
  3010 | D:6      | Found an ornate altar of the Wu Jian Council.
  3159 | D:6      | Noticed a two-headed ogre
  3169 | D:6      | Killed a two-headed ogre
  3169 | D:6      | Reached skill level 8 in Long Blades
  3169 | D:6      | Reached XP level 8. HP: 17/70 MP: 7/7
  3277 | D:6      | Found a sand-covered staircase.
  3284 | Ossuary  | Entered an ossuary
  4019 | Ossuary  | Noticed Menkaure
  4042 | Ossuary  | Killed Menkaure
  4118 | Ossuary  | Reached XP level 9. HP: 45/75 MP: 8/8
  4448 | D:6      | Reached skill level 9 in Long Blades
  4492 | D:5      | Entered Level 5 of the Dungeon
  5285 | D:4      | Noticed Pikel
  5301 | D:4      | Killed Pikel
  5301 | D:4      | Reached skill level 1 in Stealth
  5372 | D:4      | Noticed Eustachio
  5412 | D:4      | Killed Eustachio
  5412 | D:4      | Reached skill level 10 in Long Blades
  5430 | D:4      | Found a staircase to the Ecumenical Temple.
  5453 | Temple   | Entered the Ecumenical Temple
  5677 | D:4      | Noticed Grinder
  5684 | D:4      | Paralysed by Grinder for 5 turns
  5692 | D:4      | Killed Grinder
  6282 | D:3      | Found a basalt altar of Yredelemnul.
  6358 | D:7      | Found an iron altar of Okawaru.
  6401 | D:7      | Found a blossoming altar of Fedhas.
  6408 | D:7      | Became a worshipper of Warmaster Okawaru
  6416 | D:7      | Found an ancient bone altar of Kikubaaqudgha.
  6543 | D:7      | Noticed Joseph
  6574 | D:7      | Killed Joseph
  6574 | D:7      | Reached XP level 10. HP: 48/86 MP: 9/9
  6751 | D:7      | Found Utiraof's Distillery.
  6759 | D:7      | Bought a potion of lignification for 36 gold pieces
  6759 | D:7      | Bought a potion of might for 48 gold pieces
  6759 | D:7      | Bought a potion of cancellation for 96 gold pieces
  6759 | D:7      | Bought a potion of agility for 48 gold pieces
  6759 | D:7      | Bought a potion of heal wounds for 60 gold pieces
  6778 | D:7      | Found a large runed translucent door.
  6782 | D:7      | Reached * piety under Okawaru
  6786 | D:7      | Found a large runed translucent door.
  6789 | D:7      | Noticed Thargor's ghost (novice DEWz)
  6804 | D:7      | Noticed Harold
  6831 | D:7      | Killed Harold
  6831 | D:7      | Reached skill level 11 in Long Blades
  6832 | D:7      | Reached ** piety under Okawaru
  7966 | D:8      | Reached skill level 10 in Shields
  8008 | D:8      | Got a pair of heavily runed gloves
  8039 | D:8      | Identified the +3 pair of gloves of Itaa {+Blink rElec
                  | rPois Str-3} (You found it on level 8 of the Dungeon)
  8067 | D:8      | Reached *** piety under Okawaru
  8076 | D:8      | Found a shadowy altar of Dithmenos.
  8265 | D:8      | Found a staircase to the Lair.
  8638 | D:8      | Found a bloodstained altar of Trog.
  8679 | D:9      | Found a flagged portal.
  8694 | Bailey   | Entered a bailey
  8719 | Bailey   | Reached skill level 12 in Long Blades
  9122 | Bailey   | Reached XP level 11. HP: 67/92 MP: 10/10
  9296 | Bailey   | Noticed an orc warlord
  9299 | Bailey   | Noticed an orc knight
  9317 | Bailey   | Killed an orc warlord
  9317 | Bailey   | Reached **** piety under Okawaru
  9324 | Bailey   | Killed an orc knight
  9324 | Bailey   | Reached skill level 10 in Armour
  9345 | Bailey   | Reached skill level 13 in Long Blades
  9726 | Bailey   | Identified a scroll of acquirement
  9822 | D:9      | Found a staircase to the Orcish Mines.
  9834 | D:9      | Found a roughly hewn altar of Beogh.
  9876 | D:9      | Noticed Psyche
  9890 | D:9      | Paralysed by Psyche for 5 turns
  9897 | D:9      | Killed Psyche
  9897 | D:9      | Received a gift from Okawaru
 10638 | D:10     | Entered Level 10 of the Dungeon
 10816 | D:10     | Reached ***** piety under Okawaru
 10826 | D:10     | Found a shimmering altar of Xom.
 10874 | D:10     | Noticed Nergalle
 10879 | D:10     | Noticed a spectral orc warlord
 10884 | D:10     | Killed Nergalle
 10942 | D:10     | Found Nuxug's General Store.
 11193 | D:10     | Reached skill level 10 in Fighting
 11321 | D:11     | Found a transporter.
 11354 | D:11     | Reached skill level 14 in Long Blades
 11394 | D:11     | Noticed a red ugly thing
 11408 | D:11     | Killed a red ugly thing
 11408 | D:11     | Reached XP level 12. HP: 91/106 MP: 11/11
 11445 | D:11     | Noticed a two-headed ogre
 11477 | D:11     | Killed a two-headed ogre
 11524 | D:11     | Found a transporter.
 11738 | D:11     | Found Inim's Magic Scroll Shop.
 11784 | D:11     | Noticed syranez's ghost (journeyman DEEE)
 11942 | D:11     | Reached ****** piety under Okawaru
 12152 | D:12     | You fall through a shaft for 2 floors!
 12177 | D:14     | Noticed Roxanne
 12211 | D:14     | Received a gift from Okawaru
 12350 | D:14     | Noticed a tengu warrior
 12350 | D:14     | Noticed a tengu warrior
 12378 | D:14     | Killed a tengu warrior
 12388 | D:14     | Banished a tengu warrior
 12627 | D:14     | Noticed a vault guard
 12627 | D:14     | Noticed a vault guard
 12628 | D:14     | Found a gate to the Vaults.
 12628 | D:14     | Noticed a vault guard
 12628 | D:14     | Noticed a vault guard
 12629 | D:14     | Noticed a vault guard
 12629 | D:14     | Noticed a vault guard
 12629 | D:14     | Noticed a vault guard
 12630 | D:14     | Noticed a vault guard
 12776 | D:14     | Killed a vault guard
 12776 | D:14     | Reached skill level 15 in Long Blades
 12930 | D:14     | Killed a vault guard
 13087 | D:14     | Killed a vault guard
 13221 | D:14     | Killed a vault guard
 13221 | D:14     | Received a gift from Okawaru
 13291 | D:14     | Noticed Louise
 13291 | D:14     | Noticed a centaur warrior
 13303 | D:14     | Killed a vault guard
 13303 | D:14     | Reached XP level 13. HP: 84/116 MP: 12/12
 13308 | D:14     | Cast into level 2 of the Abyss (Louise)
 13308 | Abyss:2  | Found a corrupted altar of Lugonu.
 13423 | Abyss:2  | Received a gift from Okawaru
 13426 | Abyss:2  | Got a translucent scale mail {god gift}
 13438 | Abyss:2  | Reached skill level 1 in Invocations
 13609 | Abyss:2  | Gained mutation: Your body sometimes deteriorates upon
                  | taking damage. [a neqoxec]
 13611 | Abyss:2  | Gained mutation: You have large cloven feet. [a neqoxec]
 13777 | Abyss:2  | Gained mutation: Your body often deteriorates upon taking
                  | damage. [a neqoxec]
 13779 | Abyss:2  | Gained mutation: You are frail. (-10% HP) [a neqoxec]
 13852 | D:14     | Escaped the Abyss
 13852 | D:14     | Noticed Kirke
 13880 | D:14     | Killed Kirke
 14223 | D:14     | Reached skill level 16 in Long Blades
 14333 | D:13     | Shot with an arrow by a centaur warrior

Skill      XL: |  1  2  3  4  5  6  7  8  9 10 11 12 13 |
---------------+----------------------------------------+-----
Armour         | 4 5 6 7 9 10 12 | 12.6
Fighting       | 4 5 6 7 8 10 11 | 11.9
Shields        | 4 5 6 7 8 10 11 13 | 13.7
Long Blades    | 3 4 5 8 10 12 14 15 16 | 16.0
Dodging        | 1 2 3 4 |  4.2
Stealth        | 1 |  1.3
Invocations    | 1 |  1.1
Evocations     | |  0.4

Action                   |  1- 3 |  4- 6 |  7- 9 | 10-12 | 13-15 || total
-------------------------+-------+-------+-------+-------+-------++-------
Melee: Long sword        |    74 |    93 |   444 |   162 |       ||   773
       Headbutt          |    15 |    17 |    93 |   186 |    45 ||   356
       Scimitar          |       |       |       |   650 |       ||   650
       Double sword      |       |       |       |   106 |   153 ||   259
       Kick              |       |       |       |       |    32 ||    32
Invok: Heroism           |       |       |       |     7 |     3 ||    10
Evoke: Wand              |       |       |     3 |       |       ||     3
  Use: Potion            |       |     1 |     7 |     5 |     1 ||    14
       Scroll            |       |     6 |     2 |    12 |     2 ||    22
  Eat: Chunk             |     5 |     7 |    11 |    25 |     6 ||    54
Armor: Scale mail        |    18 |    42 |    52 |       |       ||   112
       Chain mail        |       |       |    66 |       |       ||    66
       Plate armour      |       |       |    41 |   346 |    47 ||   434
Dodge: Dodged            |    21 |    33 |   134 |   202 |    33 ||   423
Block: Shield            |    41 |    53 |   214 |   542 |    90 ||   940
       Rpst.: Long sword |     7 |    10 |    33 |    16 |       ||    66
       Scimitar          |       |       |       |    36 |       ||    36
       Double sword      |       |       |       |     1 |     7 ||     8
